Map: Dusk Towers

Players

LilDicky

  • Race: Terran Terran
  • League: Diamond

PvP - Winner!

  • Race: Protoss Protoss
  • League: Diamond

VOD

http://www.twitch.tv/tumescentpie

Description

Time

  • Played on: Nov. 22, 2015, 10:55 p.m.
  • Length: 8:54
Show
View Real Time Build Order
Export as new Build Order

LilDicky Terran 

Build Orders: MMM Bio 

Get SALT Encoding   

  12  0:01  SCV  
  13  0:13  SCV  
  14  0:20  Supply Depot  
  14  0:26  SCV  
  15  0:36  Refinery  
  15  0:42  SCV  
  16  0:52  Barracks  
  16  0:54  SCV  
  17  1:06  SCV  
  18  1:18  SCV  
  19  1:30  SCV  
  20  1:40  Marine  
  20  1:43  Orbital Command  
  20  1:44  Supply Depot  
  20  1:46  Factory  
  21  2:02  Marine  
  22  2:08  Barracks  
  22  2:11  Barracks  
  22  2:12  SCV, Refinery  
  23  2:27  Barracks Reactor  
  23  2:29  SCV  
  24  2:36  Supply Depot  
  24  2:41  SCV  
  24  2:55  Barracks Tech Lab  
  24  2:57  Barracks Tech Lab  
  24  3:00  Widow Mine  
  24  3:03  SCV  
  24  3:05  Marine x2  
  29  3:09  Supply Depot  
  29  3:14  Stimpack  
  29  3:15  Combat Shields  
  29  3:17  Marine x2  
  29  3:18  SCV  
  32  3:25  Marine x2  
  34  3:29  Supply Depot  
  34  3:31  Widow Mine  
  36  3:41  Marauder, Marine  
  39  3:44  SCV  
  39  3:45  Marine  
  39  3:47  Marine  
  42  3:56  Starport  
  42  4:06  Marine x2  
  42  4:07  Marine, Marauder  
  47  4:15  Widow Mine  
  47  4:16  SCV  
  48  4:20  Supply Depot  
  46  4:27  Marine x2  
  46  4:29  Marauder  
  50  4:34  Concussive Shells  
  50  4:44  SCV  
  51  4:52  Medivac  
  53  5:05  Engineering Bay  
  29  5:24  Starport Tech Lab  
  28  5:47  Raven  
  31  5:50  SCV  
  31  5:51  Marine  
  32  6:05  SCV  
  32  6:06  Marine x3  
  32  6:09  Marine  
  37  6:19  SCV  
  14  7:03  Orbital Command  
  12  7:29  Starport Tech Lab  
  6  8:00  Banshee  
  6  8:03  SCV  
  10  8:07  Marine  
  10  8:08  Marine x2  
  13  8:15  SCV  
  10  8:47  Refinery  
Show
View Real Time Build Order
Export as new Build Order

PvP Protoss - Winner!

Build Orders: Dark Templar Rush 

Get SALT Encoding   

  12  0:01  Probe (Chrono Boost)  
  13  0:11  Probe (Chrono Boost)  
  14  0:19  Pylon  
  14  0:22  Probe (Chrono Boost)  
  15  0:37  Probe (Chrono Boost), Gateway  
  16  0:47  Assimilator  
  16  0:48  Probe (Chrono Boost)  
  17  0:53  Assimilator  
  17  0:59  Probe (Chrono Boost)  
  18  1:09  Probe (Chrono Boost)  
  19  1:14  Pylon  
  19  1:20  Probe (Chrono Boost)  
  20  1:26  Cybernetics Core  
  20  1:30  Probe (Chrono Boost)  
  23  1:41  Probe (Chrono Boost)  
  24  1:51  Probe (Chrono Boost)  
  25  1:59  Nexus  
  23  2:06  Mothership Core (Chrono Boost)  
  25  2:08  Warp Gate  
  25  2:24  Probe (Chrono Boost)  
  26  2:32  Robotics Facility  
  26  2:35  Probe (Chrono Boost)  
  27  2:39  Twilight Council  
  27  2:48  Probe (Chrono Boost)  
  28  3:00  Probe (Chrono Boost)  
  29  3:11  Probe x2 (Chrono Boost)  
  31  3:21  Probe x2 (Chrono Boost), Dark Shrine  
  31  3:25  Warp Prism (Chrono Boost)  
  35  3:30  Probe  
  35  3:32  Probe  
  30  3:41  Probe  
  30  3:44  Probe  
  30  3:48  Gateway  
  32  3:51  Gateway  
  32  3:53  Probe  
  33  3:56  Probe  
  33  3:58  Observer (Chrono Boost)  
  35  4:04  Probe  
  35  4:09  Probe  
  36  4:17  Stalker  
  36  4:20  Probe  
  36  4:21  Probe  
  40  4:37  Probe  
  40  4:38  Probe  
  42  4:49  Dark Templar x2  
  46  4:55  Pylon  
  46  4:57  Pylon  
  46  5:08  Pylon  
  46  5:13  Probe  
  47  5:21  Stalker  
  47  5:22  Dark Templar  
  49  5:28  Probe  
  49  5:29  Probe  
  49  5:31  Dark Templar  
  51  5:39  Probe  
  51  5:41  Probe  
  53  5:48  Assimilator  
  53  5:49  Probe, Pylon  
  53  5:51  Assimilator  
  53  5:53  Probe  
  53  5:56  Immortal  
  59  5:58  Gateway  
  59  5:59  Adept x2  
  59  6:00  Probe  
  64  6:10  Adept  
  66  6:23  Adept x2  
  62  6:33  Dark Templar  
  60  6:48  Pylon  
  60  6:49  Pylon  
  60  6:52  Pylon  
  59  6:55  Pylon  
  57  7:05  Nexus  
  57  7:08  Pylon  
  57  7:11  Pylon  
  57  7:17  Stalker x2  
  57  7:20  Immortal  
  63  7:36  Stalker  
  64  7:49  Nexus  
  64  7:50  Probe  
  64  7:51  Pylon  
  65  7:52  Stalker x2  
  69  8:09  Stalker x2  
  73  8:19  Probe  
  74  8:35  Stalker x3  
  79  8:42  Stalker  
Tags
 
Add a new tag
Caveats
  • Supply blocks, unpowered buildings, or Contaminate may cause inaccurate times.
  • Supply counts are checked every 10 seconds.